Zazza, lawful female human Knight ------- |......# |.....|# |.....|# ----.--# # ### # ### ----- # ### |...| ----- -----.- #`## |....## |P%.| |<..^.| ##-...| # |.^.|# |.....| |...+ ###|.@..# |...... ----- #-@..| ------- ----- Zazza the Esquire Experience level: 5 Strength: 17 Dexterity: 9 Constitution: 14 Intelligence: 8 Wisdom: 15 Charisma: 17 Health: 0(35) Energy: 44(44) Def: 0 Gold: 245 Moves: 6133 Dungeon seed: 2d5mqzqkoEItB5oH Game ID: Zazza_1563141937 Your Inventory: Coins $ - 245 gold pieces Weapons a - a corroded +1 long sword u - 7 cursed -1 darts Armor e - a blessed +0 pair of gauntlets of power Comestibles c - 8 uncursed apples d - 2 uncursed carrots p - a cursed tin of yellow mold Scrolls m - 3 uncursed scrolls of blank paper n - a blessed scroll of blank paper Potions g - an uncursed potion of gain energy r - an uncursed potion of water Rings h - a cursed -1 ring of adornment t - an uncursed +1 ring of increase damage x - an uncursed ring of levitation Wands B - a wand of cold (0:2) Tools k - an uncursed tin whistle Spells and supernatural/magical abilities: Name Level Category Fail Memory W - pray for help -- divine ? -- X - turn undead -- divine ? -- Y - supernatural jump -- ability ? -- Your skills at the end: Fighting Skills riding [Basic] Weapon Skills long sword [Basic] lance [Basic] Spellcasting Skills Final Attributes: You were piously aligned. You were hallucinating. You could jump. You were a werejackal. Lugh was angry with you. You are dead. Vanquished creatures: a giant spider an imp a fog cloud a shrieker 2 gray oozes an elf zombie a paper golem a little dog a floating eye 2 homunculi 2 kobold lords 3 hill orcs 3 rothes a giant bat 3 orc zombies a wererat a werejackal 5 iguanas an acid blob 9 coyotes a hobgoblin 2 cave spiders 2 yellow molds a green mold a gnome zombie 4 geckos 39 jackals 3 foxes 4 kobolds 3 goblins 5 sewer rats a grid bug a lichen a kobold zombie 8 newts and a partridge in a pear tree 117 creatures vanquished. Voluntary challenges: You used a wielded weapon 42 times, starting on turn 153. You were illiterate. You never genocided any monsters. You never polymorphed an object. You changed form 7 times, starting on turn 3200. You used no wishes. You split 1 pudding, starting on turn 1777. You never wrote Elbereth's name. You never violated your personal moral code. Dungeon overview: The Dungeons of Doom: levels 1 to 8 Level 1 an altar to Brigit a long staircase Level 2 a long staircase Level 3 a fountain Level 4 a sink Level 5 a general store, a fountain Level 6 Level 7 some fountains a long staircase Level 8 <- You were here History has recorded: On T:1 you entered the Dungeons of Doom to retrieve the Amulet of Yendor! On T:418 you reached level 2 of The Dungeons of Doom. On T:644 you advanced to experience level 2. On T:887 you reached level 3 of The Dungeons of Doom. On T:1250 you advanced to experience level 3. On T:1364 you reached level 4 of The Dungeons of Doom. On T:1902 you reached level 5 of The Dungeons of Doom. On T:2237 you advanced to experience level 4. On T:2280 you reached level 6 of The Dungeons of Doom. On T:5641 you reached level 7 of The Dungeons of Doom. On T:5655 you advanced to experience level 5. On T:6002 you reached level 8 of The Dungeons of Doom. Score breakdown: Gold: 245 ( 8133 points) Experience: 5 levels (11141 points) Exploration: 8 levels ( 17.02%) (11702 points) Discoveries: 7 items ( 2.85%) ( 5060 points) Valuables value: (no points given unless you survive) Artifact value: 0 ( 0 points) Variety of kills: 35 monsters ( 9.19%) ( 9092 points) Turncount: 6133 turns (-1656 points) Survival: died (score multiplied by 80%) Total score: 34777 Latest messages: The salamander bites! The iron piercer bites! You return to human form! You hit it. The dart misses it. The dart hits it. The forest centaur bites! The nalfeshnee bites! You hit it. The troll bites! You miss it. The soldier bites! You hit it. The wood nymph bites! You miss it. The vampire bat bites! The baby silver dragon's bite was poisoned! You die... Final status: Fare thee well Zazza the Knight, killed by a hallucinogen-distorted snake... You died in The Dungeons of Doom on dungeon level 8 with 34777 points, and 245 pieces of gold, after 6133 moves. You were level 5 with a maximum of 35 hit points when you died.